 Dungeon Crawl Stone Soup version 0.25-a0-701-gb30f108f01 (webtiles) character file.

Game seed: 5190125522018037344, levelgen mode: deterministic

4 Iscandelvey the Vexing (level 1, -2/15 HPs)
             Began as a Demonspawn Arcane Marksman on Apr 3, 2020.
             Slain by a leopard gecko (4 damage)
             ... on level 1 of the Dungeon.
             The game lasted 00:00:09 (59 turns).

Iscandelvey the Vexing (Demonspawn Arcane Marksman)   Turns: 59, Time: 00:00:09

Health: -2/15      AC:  2    Str: 10    XL:     1   Next: 50%
Magic:  2/2        EV: 12    Int: 14    God:
Gold:   15         SH:  0    Dex: 13    Spells: 1/2 levels left

rFire    . . .     SeeInvis .   a - +0 hunting sling
rCold    . . .     Gourm    .   (no shield)
rNeg     . . .     Faith    .   e - +0 robe
rPois    .         Spirit   .   (no helmet)
rElec    .         Reflect  .   (no cloak)
rCorr    .         Harm     .   (no gloves)
MR       .....                  (no boots)
Stlth    +.........             (no amulet)
HPRegen  0.05/turn              (no ring)
MPRegen  0.08/turn              (no ring)

@: no status effects
A: no striking features
a: no special abilities


You were on level 1 of the Dungeon.
You were not hungry.

You visited 1 branch of the dungeon, and saw 1 of its levels.

You collected 15 gold pieces.

Inventory:

Hand Weapons
 a - a +0 hunting sling (weapon)
Missiles
 b - 34 stones
 d - 9 sling bullets (quivered)
Armour
 e - a +0 robe (worn)
Scrolls
 c - a scroll of fog {unknown}
Comestibles
 f - a ration


   Skills:
 + Level 1.3 Fighting
 + Level 1.9 Slings
 + Level 1.7 Dodging
 + Level 1.0 Spellcasting
 + Level 3.0 Hexes


You had one spell level left.
You knew the following spells:

 Your Spells              Type           Power        Failure   Level  Hunger
a - Corona                Hex            #......      8%          1    ##.....

Your spell library contained the following spells:

 Spells                   Type           Power        Failure   Level  Hunger
 Slow                     Hex            #.......     12%         2    ###....
 Inner Flame              Hex/Fire       #.......     38%         3    ####...
 Portal Projectile        Hex/Tloc       #.....       38%         3    ####...
 Cause Fear               Hex            #.........   58%         4    #####..
 Leda's Liquefaction      Hex/Erth       #.........   80%         4    #####..


Dungeon Overview and Level Annotations

Branches:
Dungeon (1/15)

Altars:


Message History

Press: ? - help, Shift-Dir - straight line, f/p - leopard gecko
Aim: a leopard gecko You shoot a sling bullet.
The sling bullet closely misses the leopard gecko.
A gnoll comes into view. It is wielding a -2 spear.
Firing (i - inventory. (/) - cycle)
d - 11 sling bullets (quivered)
Press: ? - help, Shift-Dir - straight line, f/p - leopard gecko
Aim: a leopard gecko You shoot a sling bullet.
The sling bullet barely misses the leopard gecko.
The gnoll shouts!
The leopard gecko bites you.
* * * LOW HITPOINT WARNING * * *
Firing (i - inventory. (/) - cycle)
d - 10 sling bullets (quivered)
Press: ? - help, Shift-Dir - straight line, f/p - leopard gecko
Aim: a leopard gecko You shoot a sling bullet.
The sling bullet hits the leopard gecko but does no damage.
The leopard gecko bites you.
You die...

#(.. .(. #g. # #..
#.###.# #########
#...(.###.####........
#....l...##.?.........
#.##@####......⌠...⌠.
#......##...⌠........
######†#.........≈...
#.#...⌠.........
#........≈.....≈
###†..⌠.........
#.........≈...
##...⌠........
#......⌠...⌠.


You could see a gnoll and a leopard gecko.

Vanquished Creatures
  A leopard gecko (D:1)
  A goblin (D:1)
  A rat (D:1)
3 creatures vanquished.

Notes
Turn   | Place    | Note
-------+----------+-------------------------------------------
     0 | D:1      | Iscandelvey the Demonspawn Arcane Marksman began the quest
                  | for the Orb.
     0 | D:1      | Reached XP level 1. HP: 15/15 MP: 2/2
    59 | D:1      | Slain by a leopard gecko

Levels and vault maps discovered:
D:1:      dpeg_arrival_stone_temple_mockup, layout_loops_ring,
          minmay_large_rounded_square

Action                   || total
-------------------------++-------
 Fire: Hunting sling     ||    18
Armor: Robe              ||     1
Dodge: Dodged            ||     2

Table legend:
 A = Non-vault XP
 B = Vault XP
 C = Vault XP percentage of total XP
 D = Non-vault monster count
 E = Vault monster count
 F = Vault count percentage of total count
                 A         B        C        D         E       F
            +---------+---------+-------+---------+---------+-------
      Total |       6 |       0 |   0.0 |       3 |       0 |   0.0
            +---------+---------+-------+---------+---------+-------
        D:1 |       6 |       0 |   0.0 |       3 |       0 |   0.0
            +---------+---------+-------+---------+---------+-------
